 Dungeon Crawl Stone Soup version 0.29-a0-359-g541a27f54d (webtiles) character file.

Game seed: 14878085328371430660

281 spaghetti the Skirmisher (level 6, 0/33 HPs)
             Began as a Vine Stalker Fighter on Apr 27, 2022.
             Was an Initiate of Trog.
             Shot with an arrow by a centaur (9 damage)
             ... on level 5 of the Dungeon.
             The game lasted 00:04:48 (3274 turns).

spaghetti the Skirmisher (Vine Stalker Fighter)     Turns: 3274, Time: 00:04:49

Health: 0/33       AC:  7    Str: 21    XL:     6   Next: 27%
Magic:  0/8        EV: 10    Int:  8    God:    Trog [......]
Gold:   241        SH:  4    Dex: 13    Spells: 7/7 levels left

rFire   . . .      SeeInvis .   a - +2 rapier {short}
rCold   . . .      Faith    .   c - +0 buckler
rNeg    . . .      Spirit   +   b - +0 scale mail
rPois   .          Reflect  .   (no helmet)
rElec   .          Harm     .   m - +0 cloak
rCorr   .          Rampage  .   (no gloves)
Will    .....                   (no boots)
Stlth   +.........              (no amulet)
HPRegen 0.91/turn               (no ring)
MPRegen 0.11/turn               (no ring)

@: mighty
A: fangs 2, regeneration 1, magic shield, antimagic bite, no potion heal 2
a: Renounce Religion


You were on level 5 of the Dungeon.
You worshipped Trog.
Trog was noncommittal.
You visited 1 branch of the dungeon, and saw 5 of its levels.

You collected 241 gold pieces.


Innate Abilities, Weirdness & Mutations

You have extremely sharp teeth.
Your natural rate of healing is unusually fast.
When hurt, damage is shared between your health and your magic reserves.
Your bite disrupts and absorbs the magic of your enemies.
Potions cannot restore your health.


   Skills:
 * Level 3.8 Fighting
 + Level 1.9 Short Blades
 + Level 1.1 Throwing
 * Level 3.0 Armour
 + Level 2.1 Dodging
 * Level 3.6 Stealth
 - Level 2.6 Shields
 - Level 1.0 Spellcasting


You had 7 spell levels left.
You didn't know any spells.
Your spell library contained the following spells:

 Spells                   Type           Power      Damage    Failure   Level
 Sandblast                Erth           0%         2d4       82%         1
 Passwall                 Tmut/Erth      0%         N/A       91%         2
 Portal Projectile        Hex/Tloc       0%         N/A       99%         3
 Stone Arrow              Conj/Erth      0%         3d7       99%         3
 Blade Hands              Tmut           0%         N/A       100%        5
 Excruciating Wounds      Necr           0%         N/A       100%        5
 Freezing Cloud           Conj/Ice/Air   0%         6-21      100%        5
 Simulacrum               Ice/Necr       0%         N/A       100%        6
 Polar Vortex             Ice            0%         N/A       100%        9

Inventory:

Hand Weapons
 a - a +2 rapier (weapon) {short}
 p - a +1 dagger of draining {short}
   (You found it on level 4 of the Dungeon)
Missiles
 f - 135 stones (quivered) {throwing}
 t - 3 boomerangs {throwing}
Armour
 b - a +0 scale mail (worn)
 c - a +0 buckler (worn)
 m - a +0 cloak (worn)
   (You found it on level 2 of the Dungeon)
Jewellery
 h - a ring of poison resistance
   (You took it off a kobold on level 2 of the Dungeon)
Scrolls
 e - a scroll of enchant armour {unknown}
 g - 4 scrolls of identify {unknown}
 j - a scroll of summoning {unknown}
 k - 2 scrolls of holy word {unknown}
 l - a scroll of magic mapping {unknown}
 o - a scroll of brand weapon {unknown}
 q - a scroll of teleportation {unknown}
 r - a scroll of amnesia {unknown}
 s - a scroll of vulnerability {unknown}
 u - a scroll of blinking {unknown}
Potions
 i - a potion of heal wounds {unknown}
 n - a potion of degeneration {unknown}

Dungeon Overview and Level Annotations

Branches:
Dungeon (5/15)
 Temple: D:4-7

Altars:
Trog

#.......#
##...#####
##...## ##...##
######....# ###
..........##..###
................#
.......$.....#.#
.........@.....#
.......(.O.>...#
..............##
......###..c..#
##...# ##....#
##.. #..?# #.
#..# ...


You could see an ogre and a centaur.


Message History

(D) Dungeon
Where to? (Enter - D:5, ? - help)
A quokka is nearby!
You puncture the quokka!
You kill the quokka!
Trog accepts your kill.
No target in view!
No target in view!
No target in view!
No target in view!
No target in view!
No target in view!
No target in view!
No target in view!
No target in view!
No target in view!
You see here a quokka corpse.
Done exploring.
Done exploring.
Done exploring.
(D) Dungeon
Where to? (Enter - D:5, ? - help)
You see here a quokka corpse.
There is a stone staircase leading up here.
There is a stone staircase leading down here.
You climb downwards.
The iguana hisses angrily.
There is a stone staircase leading up here.
There are monsters nearby!
You hit the iguana. You bite the iguana. You drain its power.
The iguana bites you! 😕 HP[-8] MP[-2]
You take 8 damage, and now have 25/33 hp.
MASSIVE DAMAGE!! (PAUSE)
You lost 2 mp, and now have 6/8 mp.
You puncture the iguana! The iguana bites you. 😮 HP[-2]
You take 2 damage, and now have 23/33 hp.
You hit the iguana.
You kill the iguana!
Trog accepts your kill. 😮 HP[+1]
You puncture the quokka!
You kill the quokka!
Trog accepts your kill. 😕 HP[+1]
Things that are here:
a quokka corpse; an iguana corpse; 😎 HP[+8] MP[+2]
Your hp is fully restored (33).
Your mp is fully restored (8).
You now have 241 gold pieces (gained 15).
Things that are here:
a quokka corpse; an iguana corpse
There is a stone staircase leading up here.
u - a scroll labelled IPLUET EPYME Key pressed, stopping explore.
Found a stone staircase leading down.
No target in view!
Unknown command.
No target in view!
No target in view!
An ogre comes into view. It is wielding a +0 giant club.
The ogre shouts!
An ogre is nearby!
An ogre is nearby!
A centaur comes into view.
The ogre hits you with a +0 giant club! 😮 HP[-12] MP[-3]
You take 12 damage, and now have 21/33 hp.
MASSIVE DAMAGE!! (PAUSE)
You lost 3 mp, and now have 5/8 mp.
The centaur shouts!
You puncture the ogre! Your bite misses the ogre.
The centaur wields a +0 shortbow.
The centaur shoots an arrow.
The arrow barely misses you.
The centaur shoots an arrow.
The arrow barely misses you. The ogre misses you. 😮 HP[+1]
Okay, then.
You hit the ogre. You bite the ogre. You drain its power.
You feel invigorated.
The centaur shoots an arrow.
The arrow hits you but does no damage. 😮 HP[+1] MP[+1]
You hit the ogre. Your bite misses the ogre.
The ogre closely misses you. 😮 HP[+1]
You barely miss the ogre. You bite the ogre. You drain its power.
You feel invigorated.
The centaur shoots an arrow.
The arrow hits you! The ogre hits you with a +0 giant club!
* * * LOW HITPOINT WARNING * * *
The centaur shoots an arrow.
The arrow hits you!
* * * LOW HITPOINT WARNING * * *
😱 HP[-17] MP[-3]
You take 17 damage, and now have 7/33 hp.
MASSIVE DAMAGE!! (PAUSE)
You lost 3 mp, and now have 3/8 mp.
Okay, then.
You aren't carrying any items that you can evoke.
You feel very mighty all of a sudden. The ogre closely misses you. 😱 HP[+1]
You puncture the ogre! Your bite misses the ogre.
The centaur shoots an arrow.
The arrow hits you!
You die...

Skill      XL: |  1  2  3  4  5 |
---------------+----------------+-----
Stealth        | 1 2 3 |  3.6
Fighting       | 3 |  3.8
Spellcasting   | 1 |  1.0
Dodging        | 1 2 |  2.1
Throwing       | 1 |  1.1
Armour         | 3 |  3.0
Short Blades   | |  1.9
Shields        | |  2.6

Action                   |  1- 3 |  4- 6 || total
-------------------------+-------+-------++-------
Melee: Rapier            |    99 |    90 ||   189
       Bite              |    22 |    25 ||    47
Throw: Stone             |    67 |    47 ||   114
  Use: Scroll            |     2 |       ||     2
       Potion            |       |     2 ||     2
Armor: Scale mail        |    35 |    28 ||    63
Dodge: Dodged            |    43 |    31 ||    74
Block: Buckler           |    12 |    17 ||    29

Levels and vault maps discovered:
D:1:      scummos_arrival_forest, layout_rooms, kennysheep_minor_cross,
          nicolae_figureground_pulse
D:2:      layout_rooms, basic_altar, cheibrodos_gnoll_hut
D:3:      layout_basic, hellmonk_ecumenical_altar_crossroads
D:4:      layout_loops_ring, kennysheep_small_spiral
D:5:      layout_layer_cave, grunt_temple_overflow_cloverleaf, serial_shops,
          shop, uniq_pikel

Notes
Turn   | Place    | Note
-------+----------+-------------------------------------------
     0 | D:1      | spaghetti the Vine Stalker Fighter began the quest for the
                  | Orb.
     0 | D:1      | Reached XP level 1. HP: 11/11 MP: 2/2
     0 | D:1      | magus.rc [v1.9.6]
   545 | D:1      | Reached XP level 2. HP: 13/16 MP: 3/3
   938 | D:2      | You pick up a book of Ice and begin reading...
   938 | D:2      | You add the spells Freezing Cloud, Simulacrum and Polar
                  | Vortex to your library.
   964 | D:2      | Reached skill level 1 in Stealth
   990 | D:2      | You pick up a book of Geomancy and begin reading...
   990 | D:2      | You add the spells Sandblast, Passwall and Stone Arrow to
                  | your library.
  1188 | D:2      | Reached skill level 3 in Fighting
  1188 | D:2      | Reached XP level 3. HP: 20/20 MP: 5/5
  1240 | D:2      | Reached skill level 1 in Spellcasting
  1412 | D:2      | Reached skill level 1 in Dodging
  1417 | D:2      | Found a bloodstained altar of Trog.
  1437 | D:2      | Became a worshipper of Trog the Wrathful
  1940 | D:3      | Reached skill level 2 in Stealth
  1940 | D:3      | Gained mutation: Your natural rate of healing is unusually
                  | fast. [Vine Stalker growth]
  1940 | D:3      | Reached XP level 4. HP: 22/24 MP: 6/6
  2301 | D:3      | Found a faded altar of an unknown god.
  2302 | D:3      | You fall into a shaft and drop 1 floor!
  2331 | D:4      | Reached XP level 5. HP: 27/28 MP: 5/7
  2575 | D:4      | You pick up a book of Weapons {forbidden} and begin
                  | reading...
  2575 | D:4      | You add the spells Portal Projectile, Excruciating Wounds
                  | and Blade Hands to your library.
  2635 | D:4      | Reached skill level 3 in Stealth
  2651 | D:4      | Reached skill level 2 in Dodging
  2930 | D:4      | Reached skill level 1 in Throwing
  2930 | D:4      | Reached skill level 3 in Armour
  2930 | D:4      | Reached XP level 6. HP: 32/33 MP: 6/8
  3230 | D:5      | Entered Level 5 of the Dungeon
  3272 | D:5      | HP: 7/33 [centaur/arrow (7)]
  3274 | D:5      | Shot with an arrow by a centaur

Vanquished Creatures
  2 hounds (D:4)
  3 iguanas
  2 orc wizards (D:4)
  A gnoll (D:2)
  2 adders (D:4)
  2 dart slugs (D:4)
  2 orcs (D:4)
  5 bats
  8 endoplasms
  2 giant cockroaches (D:2)
  2 goblins (D:2)
  5 hobgoblins
  4 jackals (D:2)
  5 quokkas
  3 ball pythons
  2 frilled lizards (D:2)
  7 kobolds
  4 rats
61 creatures vanquished.

Table legend:
 A = Non-vault XP
 B = Vault XP
 C = Vault XP percentage of total XP
 D = Non-vault monster count
 E = Vault monster count
 F = Vault count percentage of total count
                 A         B        C        D         E       F
            +---------+---------+-------+---------+---------+-------
      Total |     384 |      18 |   4.5 |      58 |       3 |   4.9
            +---------+---------+-------+---------+---------+-------
        D:1 |      16 |       0 |   0.0 |      11 |       0 |   0.0
        D:2 |      40 |      18 |  31.0 |      23 |       3 |  11.5
        D:3 |      42 |       0 |   0.0 |       4 |       0 |   0.0
        D:4 |     244 |       0 |   0.0 |      18 |       0 |   0.0
        D:5 |      42 |       0 |   0.0 |       2 |       0 |   0.0
            +---------+---------+-------+---------+---------+-------

Illustrated notes

Table legend:
 A = Kills in this place as a percentage of kills in entire the game.
 B = Kills by you in this place as a percentage of kills by you in the entire game.
 C = Kills by friends in this place as a percentage of kills by friends in the entire game.
 D = Other kills in this place as a percentage of other kills in the entire game.
 E = Experience gained in this place as a percentage of experience gained in the entire game.
 F = Experience gained in this place divided by the number of levels of this place that you have seen.
                   A       B       C       D       E      F
               +-------+-------+-------+-------+-------+----------------------
         Total | 100.0 | 100.0 |   N/A |   N/A | 100.0 |  80.4
       Dungeon | 100.0 | 100.0 |   N/A |   N/A | 100.0 |  80.4
               +-------+-------+-------+-------+-------+----------------------

Table legend: (Time is in decaauts)
 A = Elapsed time spent in this place.
 B = Non-inter-level travel time spent in this place.
 C = Inter-level travel time spent in this place.
 D = Time resting spent in this place.
 E = Time spent auto-exploring this place.
 F = Levels seen in this place.
 G = Mean time per level.
                   A        B        C        D        E       F      G
               +--------+--------+--------+--------+--------+-----+--------+
         Total |   3321 |   3233 |     88 |    352 |   2371 |   5 |  664.2 |
       Dungeon |   3321 |   3233 |     88 |    352 |   2371 |   5 |  664.2 |
               +--------+--------+--------+--------+--------+-----+--------+

Top non-repeatable levels by time:
     D:4: 944 daAuts
     D:1: 932 daAuts
     D:2: 881 daAuts
     D:3: 518 daAuts
     D:5: 45 daAuts
